 Dungeon Crawl Stone Soup version 0.30.0-29-ga12c61a403 (webtiles) character file.

Game seed: 1257314198509971399

653 qw the Chopper (level 7, -3/43 HPs)
             Began as a Gargoyle Fighter on June 4, 2023.
             Slain by an ogre
             ... wielding a +0 giant club
              (26 damage)
             ... on level 5 of the Dungeon.
             The game lasted 00:01:42 (3627 turns).

qw the Chopper (Gargoyle Fighter)                   Turns: 3627, Time: 00:01:43

Health: -3/43      AC: 13    Str: 22    XL:     7   Next: 54%
Magic:  7/7        EV:  9    Int:  8    God:
Gold:   206        SH:  4    Dex:  9    Spells: 6/6 levels left

rFire   + + .        Y - +1 war axe (elec)
rCold   x . .        c - +0 buckler
rNeg    + . .        g - +0 fire dragon scales
rPois   inf          (no helmet)
rElec   +            (no cloak)
rCorr   .            (no gloves)
SInv    +            (no boots)
Will    .....        (no amulet) Stlth
                     k - ring of see invisible
HPRegen 0.27/turn    (no ring)
MPRegen 0.10/turn

%: no passive effects
@: no status effects
A: sickness immunity, AC +4, negative energy resistance 1, electricity
resistance, torment resistance 1, petrification resistance
a: no special abilities


You were on level 5 of the Dungeon.
You visited 1 branch of the dungeon, and saw 5 of its levels.
You also visited: Sewer.

You collected 206 gold pieces.


Innate Abilities, Weirdness & Mutations

You are immune to sickness and miasma.
Your stone body is resilient. (AC +4)
You are immune to poison.
You resist negative energy. (rN+)
You are resistant to electric shocks. (rElec)
You are resistant to unholy torment.
You are immune to petrification.


   Skills:
 + Level 4.2 Fighting
 - Level 7.0 Axes
 - Level 3.2 Armour
 - Level 1.0 Dodging
 - Level 3.2 Shields


You had 6 spell levels left.
You didn't know any spells.
Your spell library was empty.

Inventory:

Hand Weapons
 h - a +2 vampiric whip
 Y - a +1 war axe of electrocution (weapon)
Armour
 c - a +0 buckler (worn)
 g - +0 fire dragon scales (worn)
 i - a +0 chain mail
Jewellery
 k - a ring of see invisible (left hand)
 m - a ring of see invisible
Scrolls
 e - a scroll of teleportation
 f - a scroll of identify
Potions
 b - a potion of heal wounds
 d - a potion of might
 j - a potion of resistance
 l - 2 potions of haste
 n - a potion of flight {unknown}
 o - a potion of mutation {unknown}

Dungeon Overview and Level Annotations

Branches:
Dungeon (5/15)              Sewer (visited)
 Temple: D:4-7

Altars:
Cheibriados
Elyvilon
Nemelex Xobeh
Zin
The Shining One


Message History

The iguana is heavily wounded.
The iguana bites you but does no damage.
The iguana bites you.
You hit the iguana.
The iguana is heavily wounded.
The iguana barely misses you.
You hit the iguana but do no damage.
The iguana is heavily wounded.
You block the iguana's attack.
You barely miss the iguana.
The iguana is heavily wounded.
The iguana barely misses you.
You barely miss the iguana.
The iguana is heavily wounded.
The iguana bites you but does no damage.
The iguana bites you.
You slash the iguana!
You kill the iguana!
You start resting.
HP restored.
An ogre comes into view. It is wielding a +0 giant club.
The ogre shouts!
You hear a shout!
Enter note:
Enter note:
Enter note: You barely miss the ogre.
The ogre hits you with a +0 giant club!!
You hit the ogre.
The ogre is moderately wounded.
You block the ogre's attack.
You slash the ogre!
The ogre is heavily wounded.
You barely miss the ogre.
The ogre is heavily wounded.
The ogre hits you but does no damage.
You slash the ogre!
The ogre is almost dead.
The ogre hits you with a +0 giant club!!
Ouch! That really hurt!
You die...

################..####
#..<..>..........##
##.#......####.####
#..........###.#
#..............#
#..........#####
#..........#
#..........#
#.....@....#
#[....?O...#
#..........#
#........:.#
####......## ##.....#
#...... ######..


You could see an ogre.

Vanquished Creatures
  A black bear (D:4)
  Pargi (Sewer)
  2 scorpions
  A hound (D:4)
  An orc priest (D:4)
  2 sleepcaps
  2 iguanas
  A mummy (D:5)
  4 gnolls (D:2)
  7 adders
  An ufetubus (D:5)
  2 worms
  A dart slug (D:3)
  4 orcs
  3 ball pythons
  2 endoplasms
  3 giant cockroaches
  2 goblins
  6 hobgoblins
  A quokka (D:1)
  5 bats
  5 frilled lizards
  9 kobolds
  10 rats
76 creatures vanquished.

Notes
Turn   | Place    | Note
-------+----------+-------------------------------------------
     0 | D:1      | qw the Gargoyle Fighter began the quest for the Orb.
     0 | D:1      | Reached XP level 1. HP: 14/14 MP: 1/1
     0 | D:1      | 0 ||| qw: Version: 0.2-a-106-g05974ce
     0 | D:1      | 0 ||| qw: Game counter: 1160
     0 | D:1      | 0 ||| qw: Always use a shield: true
     0 | D:1      | 0 ||| qw: God list: Okawaru
     0 | D:1      | 0 ||| qw: Allow faded altars: false
     0 | D:1      | 0 ||| qw: Do Orc after D:15 true
     0 | D:1      | 0 ||| qw: Do second Lair branch before Depths: true
     0 | D:1      | 0 ||| qw: Lair rune preference: random
     0 | D:1      | 0 ||| qw: Plans: Normal, Zot:1-4, Slime:5, God:TSO, Crypt,
                  | Tomb, Abyss, Pan, Hells, Win
     0 | D:1      | 0 ||| PLANNING D:1-11
    25 | D:1      | Found a faded altar of an unknown god.
    84 | D:1      | Reached skill level 2 in Axes
   205 | D:1      | Reached XP level 2. HP: 19/19 MP: 2/2
   835 | D:1      | 835 ||| UPGRADING to +0 fire dragon scales.
   845 | D:1      | 845 ||| DROPPING +0 scale mail.
   846 | D:1      | 846 ||| UPGRADING to ring of see invisible.
   847 | D:1      | 847 ||| DROPPING ring of wizardry.
   848 | D:1      | 848 ||| READING scroll labelled MOSTRI MI RAEPN.
   849 | D:1      | 849 ||| READING 2 scrolls labelled VITZOE FELAHOUWU.
   850 | D:1      | 850 ||| READING scroll labelled APPYGR SASTUE.
  1056 | D:2      | Reached skill level 3 in Axes
  1056 | D:2      | Reached XP level 3. HP: 17/23 MP: 3/3
  1241 | D:2      | Reached XP level 4. HP: 13/28 MP: 4/4
  1308 | D:2      | Reached skill level 4 in Axes
  1442 | D:2      | 1442 ||| READING scroll labelled LENLI LUPNAUSOI.
  1443 | D:2      | 1443 ||| READING scroll labelled SAMIEK JUYNATS.
  1444 | D:2      | 1444 ||| READING 2 scrolls of identify.
  1444 | D:2      | 1444 ||| IDENTIFYING metallic cyan potion
  1449 | D:3      | 1449 ||| PLANNING SEWER
  1489 | D:3      | 1489 ||| Stepping ~*~*~tactically~*~*~ (stealth).
  1492 | D:3      | 1492 ||| Stepping ~*~*~tactically~*~*~ (stealth).
  1869 | D:3      | Found a glowing drain.
  1870 | D:3      | 1870 ||| READING scroll labelled BOTHRILAGEKH.
  1871 | D:3      | 1871 ||| READING scroll labelled FASEMO WINI.
  1872 | D:3      | 1872 ||| READING scroll labelled QAAZO XEVIDGHU.
  1881 | Sewer    | Entered a sewer
  1889 | Sewer    | Reached XP level 5. HP: 32/32 MP: 5/5
  1900 | Sewer    | Noticed Pargi
  1910 | Sewer    | Killed Pargi
  1911 | Sewer    | Reached skill level 5 in Axes
  2002 | Sewer    | Reached XP level 6. HP: 37/37 MP: 6/6
  2015 | Sewer    | 2015 ||| READING scroll labelled RAUTSU EGECE.
  2016 | Sewer    | 2016 ||| READING scroll labelled QEEKYDEASH.
  2030 | D:3      | 2030 ||| PLANNING D:1-11
  2085 | D:3      | 2085 ||| Stepping ~*~*~tactically~*~*~ (hiding).
  2206 | D:3      | Found a white marble altar of Elyvilon.
  2505 | D:3      | Found a glowing golden altar of the Shining One.
  2506 | D:3      | 2506 ||| READING scroll labelled FUOMAA JOJUGG.
  2507 | D:3      | 2507 ||| READING 2 scrolls of identify.
  2507 | D:3      | 2507 ||| IDENTIFYING fizzy white potion
  2508 | D:3      | 2508 ||| DROPPING potion of berserk rage.
  2589 | D:4      | Reached skill level 1 in Dodging
  2782 | D:4      | 2782 ||| Stepping ~*~*~tactically~*~*~ (hiding).
  2903 | D:4      | Noticed a black bear
  2913 | D:4      | Killed a black bear
  2914 | D:4      | Reached skill level 6 in Axes
  2914 | D:4      | Reached XP level 7. HP: 37/43 MP: 7/7
  3200 | D:4      | Identified the +0 robe "Voilad" {Will+ Str+2}
  3215 | D:4      | 3215 ||| READING scroll of brand weapon.
  3215 | D:4      | 3215 ||| BRANDING +1 war axe of protection.
  3251 | D:4      | Found a glowing silver altar of Zin.
  3311 | D:4      | Found a sparkling altar of Nemelex Xobeh.
  3325 | D:4      | 3325 ||| READING scroll labelled ZARUTS HONI.
  3326 | D:4      | 3326 ||| READING 3 scrolls of identify.
  3326 | D:4      | 3326 ||| IDENTIFYING ruby potion
  3327 | D:4      | 3327 ||| READING 2 scrolls of identify.
  3327 | D:4      | 3327 ||| IDENTIFYING sedimented black potion
  3348 | D:5      | Entered Level 5 of the Dungeon
  3472 | D:5      | Found a snail-covered altar of Cheibriados.
  3581 | D:5      | Reached skill level 7 in Axes
  3627 | D:5      | Slain by an ogre

Levels and vault maps discovered:
D:1:      minmay_arrival_radiant_lines, layout_basic, serial_curves,
          eino_curves_02, eino_curves_01, shapermc_ecumenical_altar_gd,
          minmay_bisected
D:2:      layout_rooms, kennysheep_generic_room_15
D:3:      layout_basic, lemuel_crystal_altar, tso_oasis_becter,
          portal_sewer_entry_d
D:4:      layout_loops_ring, zin_treasury, nemelex_dance_club_becter
D:5:      kennysheep_windowed_halls, layout_basic, slow_altar_2

Skill      XL: |  1  2  3  4  5  6  7 |
---------------+----------------------+-----
Axes           | 2 3 4 5 6 7 |  7.0
Fighting       | 4 |  4.2
Dodging        | 1 |  1.0
Armour         | |  3.2
Shields        | |  3.2

Action                     |  1- 3 |  4- 6 |  7- 9 || total
---------------------------+-------+-------+-------++-------
  Melee: War axe           |    77 |   141 |    35 ||   253
    Use: Scroll            |     3 |    10 |     4 ||    17
 Armour: Scale mail        |    16 |       |       ||    16
         Fire dragon scale |    24 |    85 |    12 ||   121
  Dodge: Dodged            |    36 |    73 |    16 ||   125
  Block: Buckler           |    12 |    23 |     4 ||    39

Table legend:
 A = Non-vault XP
 B = Vault XP
 C = Vault XP percentage of total XP
 D = Non-vault monster count
 E = Vault monster count
 F = Vault count percentage of total count
                 A         B        C        D         E       F
            +---------+---------+-------+---------+---------+-------
      Total |     728 |     206 |  22.1 |      59 |      17 |  22.4
            +---------+---------+-------+---------+---------+-------
        D:1 |      18 |       4 |  18.2 |      13 |       4 |  23.5
        D:2 |     109 |       2 |   1.8 |      17 |       1 |   5.6
        D:3 |      24 |      13 |  35.1 |      10 |       1 |   9.1
        D:4 |     410 |       5 |   1.2 |      15 |       2 |  11.8
        D:5 |     167 |      18 |   9.7 |       4 |       1 |  20.0
      Sewer |       0 |     164 | 100.0 |       0 |       8 | 100.0
            +---------+---------+-------+---------+---------+-------
